 Dungeon Crawl Stone Soup version 0.28-a0-511-gcc94558de3 (webtiles) character file.

Game seed: 9846386377695680791

58 bande the Covered (level 4, -11/29 HPs)
             Began as a Gargoyle Fighter on Sept 21, 2021.
             Mangled by an ogre (25 damage)
             ... on level 3 of the Dungeon.
             The game lasted 00:03:29 (2259 turns).

bande the Covered (Gargoyle Fighter)                Turns: 2259, Time: 00:03:30

Health: -11/29     AC: 12    Str: 19    XL:     4   Next: 1%
Magic:  4/4        EV:  7    Int:  9    God:
Gold:   151        SH:  4    Dex: 10    Spells: 1/3 levels left

rFire   . . .      SeeInvis .   h - +1 war axe (elec)
rCold   . . .      Faith    .   c - +0 buckler
rNeg    + . .      Spirit   .   f - +0 chain mail
rPois   ∞          Reflect  .   (no helmet)
rElec   +          Harm     .   (no cloak)
rCorr   .          Rampage  .   (no gloves)
Will    .....                   (no boots)
Stlth   ..........              (no amulet)
HPRegen 0.09/turn               (no ring)
MPRegen 0.09/turn               (no ring)

@: no status effects
A: sickness immunity, AC +3, negative energy resistance 1, electricity
resistance, torment resistance 1, petrification resistance
a: no special abilities


You were on level 3 of the Dungeon.
You visited 1 branch of the dungeon, and saw 3 of its levels.

You collected 151 gold pieces.

Inventory:

Hand Weapons
 a - a +0 war axe
 h - a +1 war axe of electrocution (weapon)
 j - a +0 flail of holy wrath
Armour
 c - a +0 buckler (worn)
 f - a +0 chain mail (worn)
Wands
 g - a wand of paralysis (7)
Potions
 b - a potion of magic {unknown}
 d - a potion of might
 e - a potion of curing
 k - a potion of resistance
 l - a potion of brilliance {unknown}


   Skills:
 + Level 3.6 Fighting
 + Level 2.7 Axes
 + Level 3.8 Armour
 * Level 3.6 Shields
 * Level 0.3 Translocations


You had one spell level left.
You knew the following spells:

 Your Spells              Type           Power      Damage    Failure   Level
a - Blink                 Tloc           N/A        N/A       99%         2

Your spell library contained the following spells:

 Spells                   Type           Power      Damage    Failure   Level
 Manifold Assault         Tloc           0%         N/A       100%        5
 Storm Form               Tmut/Air       0%         N/A       100%        7


Dungeon Overview and Level Annotations

Branches:
Dungeon (3/15)

Altars:
Nemelex Xobeh


Innate Abilities, Weirdness & Mutations

You are immune to sickness and miasma.
Your stone body is resilient. (AC +3)
You are immune to poison.
You resist negative energy. (rN+)
You are resistant to electric shocks. (rElec)
You are resistant to unholy torment.
You are immune to petrification.


Message History

You see here 22 sling bullets.
g - a wand of paralysis (7)
A rat comes into view.
You slash the rat! Lightning courses through the rat!
You kill the rat!
You have reached level 4!
You feel clever.
A rat comes into view.
A rat is nearby!
Found a runed dagger.
You hit the rat.
You kill the rat!
No target in view!
No target in view!
No target in view!
No target in view!
An ogre comes into view. It is wielding a +0 giant club.
The ogre shouts!
An ogre is nearby!
A ball python comes into view.
The ball python hisses angrily.
The ogre hits you but does no damage.
You hit the ogre but do no damage. The ogre hits you with a +0 giant club.
You barely miss the ogre. The ogre completely misses you.
You barely miss the ogre. The ogre hits you with a +0 giant club!
You are too injured to fight recklessly!
You are too injured to fight recklessly!
You are too injured to fight recklessly!
You are too injured to fight recklessly!
You are too injured to fight recklessly!
You are too injured to fight recklessly!
You are too injured to fight recklessly!
You slash the ogre!
The ogre is heavily wounded.
You block the ogre's attack.
You barely miss the ogre.
The ogre is heavily wounded.
The ogre hits you with a +0 giant club!!
Ouch! That really hurt!
You die...

### ## .)# ##. #.###.#
#.#..##########
#............#
#...########.# #...####
#.# #.########......#
#.# #...SO@..#..##.# #.#
#.#######.#..##.#####.##
#[#.............
...).....###....
###...........##
.⌠.⌠###.##...#
.._..##.##...##
#⌠.⌠....##.....
#......†....##


You could see an ogre and a ball python.

Vanquished Creatures
  An adder (D:2)
  2 worms (D:2)
  A dart slug (D:2)
  An orc (D:3)
  A bat (D:3)
  3 endoplasms
  3 giant cockroaches
  2 goblins (D:1)
  3 hobgoblins
  3 jackals (D:1)
  A quokka (D:1)
  6 ball pythons
  4 frilled lizards
  2 kobolds
  8 rats
41 creatures vanquished.

Notes
Turn   | Place    | Note
-------+----------+-------------------------------------------
     0 | D:1      | bande the Gargoyle Fighter began the quest for the Orb.
     0 | D:1      | Reached XP level 1. HP: 14/14 MP: 1/1
   174 | D:1      | Reached XP level 2. HP: 15/19 MP: 2/2
   486 | D:1      | You fall into a shaft and drop 1 floor!
  1291 | D:1      | Reached XP level 3. HP: 23/23 MP: 3/3
  1294 | D:1      | Learned a level 2 spell: Blink
  1398 | D:1      | Found a faded altar of an unknown god.
  2087 | D:3      | Found a sparkling altar of Nemelex Xobeh.
  2239 | D:3      | Reached XP level 4. HP: 29/29 MP: 4/4
  2251 | D:3      | Noticed an ogre
  2259 | D:3      | Mangled by an ogre

Illustrated notes

Levels and vault maps discovered:
D:1:      scummos_arrival_checkerplants, layout_loops_ring,
          dilly_ecumenical_altar_fadedgnrine, st_stairs_10
D:2:      minmay_spotlight, layout_loops_ring, minmay_between
D:3:      layout_loops_ring, nemelex_xobeh_ov_fountains_minmay, uniq_grinder

Skill      XL: |  1  2 |
---------------+-------+-----
Axes           | 2 |  2.7
Fighting       | |  3.6
Armour         | |  3.8
Shields        | |  3.6
Translocations | |  0.3

Action                   |  1- 3 |  4- 6 || total
-------------------------+-------+-------++-------
Melee: War axe           |   114 |     6 ||   120
  Use: Scroll            |     5 |       ||     5
Armor: Scale mail        |    66 |       ||    66
       Chain mail        |       |     1 ||     1
Dodge: Dodged            |    50 |     1 ||    51
Block: Buckler           |    11 |     1 ||    12

Table legend: (Time is in decaauts)
 A = Elapsed time spent in this place.
 B = Non-inter-level travel time spent in this place.
 C = Inter-level travel time spent in this place.
 D = Time resting spent in this place.
 E = Time spent auto-exploring this place.
 F = Levels seen in this place.
 G = Mean time per level.
                   A        B        C        D        E       F      G
               +--------+--------+--------+--------+--------+-----+--------+
         Total |   2307 |   2297 |     10 |    273 |   1589 |   3 |  769.0 |
       Dungeon |   2307 |   2297 |     10 |    273 |   1589 |   3 |  769.0 |
               +--------+--------+--------+--------+--------+-----+--------+

Top non-repeatable levels by time:
     D:2: 1123 daAuts
     D:1: 1005 daAuts
     D:3: 178 daAuts
